 Seeded DCSS version 0.31-a0-833-gc15d34cb79 (webtiles) character file.

Game seed: 6048892100812127374 (custom seed)

8 Iich the Trooper (level 2, -2/27 HPs)
             Began as a Hill Orc Fighter on Sept 26, 2023.
             Frozen to death by an endoplasm (5 damage)
             ... on level 1 of the Dungeon.
             The game lasted 00:00:37 (168 turns).

Iich the Trooper (Hill Orc Fighter)                  Turns: 168, Time: 00:00:38

Health: -2/27      AC:  6    Str: 18    XL:     2   Next: 8%
Magic:  2/2        EV:  9    Int:  8    God:
Gold:   0          SH:  4    Dex: 10    Spells: 1/1 levels left

rFire   . . .        a - +0 war axe
rCold   . . .        c - +0 buckler
rNeg    . . .        b - +0 scale mail
rPois   .            (no helmet)
rElec   .            (no cloak)
rCorr   .            (no gloves)
SInv    .            (no boots)
Will    .....        (no amulet) Stlth
                     (no ring)
HPRegen 0.24/turn    (no ring)
MPRegen 0.08/turn

%: no passive effects
@: no status effects
A: no striking features
a: no special abilities


You were on level 1 of the Dungeon.
You visited 1 branch of the dungeon, and saw 1 of its levels.

Inventory:

Hand Weapons
 a - a +0 war axe (weapon)
Armour
 b - a +0 scale mail (worn)
 c - a +0 buckler (worn)
Scrolls
 e - 2 scrolls of enchant weapon {unknown}
 f - 2 scrolls of identify {unknown}
Potions
 d - a potion of might
 g - a potion of ambrosia {unknown}


   Skills:
 + Level 3.8 Fighting
 + Level 3.0 Axes
 + Level 3.4 Armour
 + Level 0.4 Dodging
 - Level 3.2 Shields


You had one spell level left.
You didn't know any spells.
Your spell library contained the following spells:

 Spells                   Type           Power      Damage    Failure   Level
 Conjure Ball Lightning   Conj/Air       0%         3x3d6     100%        6
 Discord                  Hex            0%         N/A       100%        8
 Disjunction              Tloc           0%         N/A       100%        8


Dungeon Overview and Level Annotations

Branches:
Dungeon (1/15)

Altars:


Message History

The endoplasm hits you.
You take 1 damage, and have 15/27 hp.
The endoplasm freezes you.
You are frozen.
You take 1 damage, and have 14/27 hp.
The dart slug launches a dart at you.
The slug dart hits you but does no damage.
The endoplasm freezes you.
You are frozen.
The dart slug bites you. You block the endoplasm's attack.
You take 1 damage, and have 13/27 hp.
The endoplasm hits you but does no damage.
The dart slug bites you but does no damage.
The endoplasm hits you but does no damage.
You block the dart slug's attack. The endoplasm hits you.
* * * LOW HITPOINT WARNING * * *
The endoplasm barely misses you.
The dart slug bites you but does no damage.
You take 2 damage, and have 11/27 hp.
The endoplasm freezes you.
You are frozen.
* * * LOW HITPOINT WARNING * * *
You take 3 damage, and have 8/27 hp.
The dart slug closely misses you.
The endoplasm hits you but does no damage.
The dart slug barely misses you. The endoplasm hits you.
* * * LOW HITPOINT WARNING * * *
The endoplasm freezes you.
You are frozen.
* * * LOW HITPOINT WARNING * * *
The dart slug launches a dart at you.
The slug dart hits you but does no damage.
The endoplasm hits you.
* * * LOW HITPOINT WARNING * * *
The dart slug bites you.
* * * LOW HITPOINT WARNING * * *
The endoplasm barely misses you. The endoplasm freezes you.
You are frozen.
You die...

###########.############
#............#
#.......###..# #.......#
#..# ###
#.......###..###### #..
.............##...####.#
...............†.......#
........###..##...#....†
#......@# #..###.#######
#.####J#w# # #.# #. #..
..# #.# #.#. .... #.#
..... ..... #.# # ### #.
....## #.# # .. .....
..####### .. ......
......... ######


You could see a dart slug and an endoplasm.

Vanquished Creatures
  A dart slug (D:1)
  2 endoplasms (D:1)
  4 frilled lizards (D:1)
7 creatures vanquished.

Notes
Turn   | Place    | Note
-------+----------+-------------------------------------------
     0 | D:1      | Iich the Hill Orc Fighter began the quest for the Orb.
     0 | D:1      | Reached XP level 1. HP: 19/19 MP: 1/1
   113 | D:1      | Reached XP level 2. HP: 27/27 MP: 2/2
   168 | D:1      | Frozen to death by an endoplasm

Illustrated notes

Levels and vault maps discovered:
D:1:      nzn_arrival_crosshair, layout_loops_ring,
          hellmonk_ecumenical_altar_watching_god, nicolae_shop_unique_rings

Skill      XL: |  1  2 |
---------------+-------+-----
Axes           | 3 |  3.0
Fighting       | |  3.8
Armour         | |  3.4
Dodging        | |  0.4
Shields        | |  3.2

Action                     || total
---------------------------++-------
  Melee: War axe           ||    16
 Armour: Scale mail        ||    23
  Dodge: Dodged            ||     9
  Block: Buckler           ||     8

Table legend: (Time is in decaauts)
 A = Elapsed time spent in this place.
 B = Non-inter-level travel time spent in this place.
 C = Inter-level travel time spent in this place.
 D = Time resting spent in this place.
 E = Time spent auto-exploring this place.
 F = Levels seen in this place.
 G = Mean time per level.
                   A        B        C        D        E       F      G
               +--------+--------+--------+--------+--------+-----+--------+
         Total |    174 |    174 |      0 |      0 |    105 |   1 |  174.0 |
       Dungeon |    174 |    174 |      0 |      0 |    105 |   1 |  174.0 |
               +--------+--------+--------+--------+--------+-----+--------+

Top non-repeatable levels by time:
     D:1: 174 daAuts
